Map: Temple gelé

Players

zidar - Winner!

  • Race: Zerg Zerg
  • League: Platinum
  • Spawn Location: 11:00

Arathinix

  • Race: Terran Terran
  • League: Platinum
  • Spawn Location: 5:00

VOD

Have the link to the VOD?

Description

Time

  • Played on: Nov. 2, 2016, 5:59 a.m.
  • Length: 13:58
Show
View Real Time Build Order
Export as new Build Order

zidar Zerg - Winner!

Build Orders: Hatch First 

Get SALT Encoding   

  12  0:01  Drone  
  13  0:12  Overlord  
  13  0:17  Drone  
  14  0:31  Drone x2  
  16  0:52  Hatchery  
  16  0:56  Drone  
  16  1:00  Extractor  
  16  1:01  Drone  
  16  1:20  Spawning Pool  
  16  1:23  Drone  
  16  1:28  Drone  
  17  1:33  Drone  
  17  1:37  Drone  
  19  2:10  Zergling x6  
  19  2:14  Queen  
  19  2:15  Queen  
  25  2:19  Metabolic Boost  
  25  2:28  Drone x2  
  28  2:30  Drone  
  28  2:37  Overlord  
  28  3:03  Pneumatized Carapace  
  28  3:05  Drone x6  
  34  3:44  Lair  
  34  3:47  Extractor  
  34  3:48  Drone x3  
  36  3:58  Extractor  
  36  3:59  Drone  
  36  4:01  Overlord x2  
  36  4:02  Overlord  
  36  4:03  Overlord  
  36  4:14  Baneling Nest, Drone  
  36  4:40  Drone x10  
  46  4:54  Evolution Chamber  
  46  4:56  Centrifical Hooks  
  46  4:57  Evolution Chamber  
  46  4:59  Zergling x8  
  48  5:02  Baneling x6  
  48  5:12  Extractor, Drone x4  
  48  5:25  Hatchery  
  43  5:35  Zergling x14  
  49  5:46  Queen  
  49  5:48  Zergling x12  
  57  5:50  Baneling  
  57  5:52  Baneling  
  57  5:59  Baneling x2  
  57  6:00  Baneling x2  
  57  6:04  Zerg Melee Weapons Level 1  
  57  6:14  Drone x2  
  59  6:21  Zerg Ground Armor Level 1  
  59  6:24  Drone  
  59  6:25  Drone  
  61  6:29  Queen  
  63  6:33  Overlord  
  63  6:34  Overlord x2  
  63  6:44  Drone x5  
  68  6:54  Infestation Pit  
  68  6:57  Spire  
  68  6:59  Drone x9  
  66  7:15  Zergling x10  
  64  7:17  Baneling  
  64  7:18  Baneling x4  
  59  7:30  Zergling x18  
  63  7:52  Baneling x7  
  63  7:58  Queen  
  63  8:01  Zergling x2  
  63  8:02  Zergling x14  
  61  8:37  Zergling x20  
  61  8:38  Zergling x10  
  61  8:39  Baneling x4  
  61  8:40  Baneling x2  
  75  8:52  Zergling x6  
  78  8:56  Baneling  
  78  8:57  Baneling x2  
  78  9:06  Baneling x3  
  78  9:07  Baneling x3  
  78  9:10  Hive  
  78  9:14  Corruptor x4  
  78  9:15  Corruptor x2  
  90  9:21  Zergling x16  
  98  9:30  Zerg Ground Armor Level 2  
  98  9:35  Zerg Melee Weapons Level 2  
  80  9:55  Zergling x18  
  87  10:09  Baneling x2  
  87  10:10  Baneling x4  
  87  10:11  Zergling x8  
  87  10:12  Zergling x10  
  92  10:30  Ultralisk Cavern  
  83  10:43  Baneling x7  
  83  10:48  Drone x6  
  89  10:51  Zergling x2  
  89  10:52  Zergling x16  
  98  10:58  Adrenal Glands  
  98  11:17  Chitinous Plating  
  98  11:28  Hatchery  
  98  11:32  Extractor  
  95  11:35  Extractor  
  94  11:46  Drone x3  
  97  11:48  Overlord  
  97  11:49  Overlord x3  
  97  12:06  Drone x2  
  97  12:07  Drone x3  
  79  12:29  Ultralisk x3  
  95  12:30  Ultralisk  
  101  13:00  Drone x2  
  103  13:05  Hatchery  
  103  13:08  Zergling x10  
  103  13:09  Zergling x22  
  118  13:18  Zergling x12  
Show
View Real Time Build Order
Export as new Build Order

Arathinix Terran 

Build Orders:  

Get SALT Encoding   

  12  0:01  SCV  
  13  0:14  SCV  
  14  0:18  Supply Depot  
  14  0:26  SCV  
  15  0:40  SCV  
  16  0:43  Barracks  
  16  0:52  Refinery, SCV  
  16  0:56  Refinery  
  17  1:04  SCV  
  18  1:16  SCV  
  19  1:19  Supply Depot  
  19  1:28  SCV  
  20  1:34  Reaper  
  21  1:40  SCV  
  22  1:47  Barracks  
  22  1:55  Supply Depot  
  22  1:59  SCV  
  23  2:11  SCV  
  24  2:22  Command Center  
  24  2:28  Orbital Command  
  24  2:38  Barracks Reactor  
  24  2:42  Barracks Reactor  
  24  3:16  Marine  
  24  3:17  Marine  
  26  3:24  Marine x2  
  28  3:34  Marine x2  
  28  3:38  SCV x2  
  32  3:42  Marine x2  
  34  3:50  SCV x2  
  34  3:51  Supply Depot  
  34  3:52  Marine x2  
  38  3:56  Supply Depot  
  38  4:00  Marine x2  
  38  4:02  SCV  
  41  4:03  SCV  
  42  4:10  Marine x2  
  42  4:13  Factory  
  42  4:14  SCV  
  46  4:18  Marine x2  
  46  4:23  Supply Depot  
  48  4:26  Orbital Command  
  48  4:27  Marine, SCV  
  48  4:28  Marine  
  50  4:35  Marine  
  50  4:36  Marine  
  52  4:45  Marine  
  52  4:46  Marine  
  52  4:51  Barracks  
  52  4:52  SCV x2  
  56  4:53  Marine  
  56  4:59  Barracks  
  59  5:01  Factory Reactor  
  59  5:04  SCV x2  
  59  5:16  Refinery x2, SCV x2  
  61  5:28  Marine x4, SCV  
  50  5:39  Hellion x2  
  54  5:44  SCV x2  
  54  5:46  Marine  
  57  5:53  Barracks Reactor  
  57  5:54  Barracks Reactor  
  57  5:55  Marine x3  
  57  5:56  SCV x2  
  61  6:00  Hellion  
  63  6:10  Hellion  
  65  6:11  Engineering Bay  
  65  6:16  Marine x3  
  68  6:22  Hellion  
  70  6:26  Marine  
  70  6:31  Marine x3  
  70  6:32  Marine, Hellion  
  77  6:33  Marine  
  77  6:35  Command Center  
  78  6:44  Engineering Bay  
  78  6:50  Supply Depot  
  78  6:52  Supply Depot  
  78  6:54  Supply Depot  
  78  6:55  Supply Depot  
  78  7:04  Marine x5, Hellion  
  65  7:16  Marine x3, Hellion  
  65  7:21  Marine  
  65  7:22  Marine x2  
  69  7:25  Marine x2  
  69  7:26  Hellion  
  75  7:34  Marine x3  
  80  7:37  Hellion  
  80  7:39  Marine  
  80  7:40  Marine x2  
  73  7:46  Marine x2  
  73  7:47  Hellion  
  71  7:52  Marine  
  71  7:56  SCV  
  71  7:57  SCV x2  
  77  7:58  Hellion  
  77  8:00  Marine  
  77  8:01  Marine  
  77  8:05  Marine x2  
  80  8:08  SCV, Hellion  
  80  8:09  SCV x2  
  86  8:15  Marine x3  
  86  8:16  Marine  
  86  8:19  Marine x2  
  77  8:20  SCV  
  77  8:23  Marine x2  
  73  8:31  SCV x2  
  73  8:33  Marine x4, SCV  
  75  8:37  Marine x2  
  75  8:41  Marine x2  
  79  8:43  SCV x2  
  76  8:49  Hellion x2  
  76  8:51  Marine x4  
  76  8:52  SCV  
  86  8:55  SCV  
  86  9:02  Marine x2  
  86  9:05  Marine x2  
  86  9:09  Orbital Command  
  90  9:10  Hellion x2  
  90  9:15  Marine x2  
  90  9:16  Marine x2, Command Center  
  98  9:20  Marine  
  98  9:21  Marine  
  98  9:23  Marine x2  
  102  9:31  Hellion  
  102  9:32  Hellion  
  102  9:33  Marine x2  
  108  9:44  Marine x3  
  82  9:53  Marine x2, Hellion x2  
  82  9:54  Marine x3  
  87  10:01  Marine x2  
  87  10:02  Marine  
  85  10:08  SCV x3  
  88  10:14  Hellion  
  88  10:16  Marine x4  
  88  10:18  Hellion  
  88  10:19  Barracks x3  
  88  10:20  SCV x3  
  99  10:22  Barracks  
  94  10:32  Marine x2, SCV x3  
  87  10:36  Hellion  
  83  10:44  SCV x3  
  83  10:46  Hellion  
  83  10:48  SCV  
  89  10:52  Refinery  
  89  10:54  Marine x4  
  89  10:55  Marine x4, Refinery  
  89  10:56  SCV x2  
  99  11:07  Barracks Reactor  
  99  11:08  Barracks Reactor  
  99  11:12  Marine x5  
  99  11:13  Marine x2  
  99  11:14  Hellion x2  
  99  11:15  Barracks Reactor  
  99  11:17  Barracks Reactor  
  110  11:22  SCV x4  
  114  11:29  Marine  
  114  11:30  Marine x2, Factory  
  117  11:33  Factory  
  117  11:34  SCV x2  
  117  11:35  Hellion x2  
  117  11:37  Command Center  
  123  11:47  Marine x6  
  123  11:48  Marine x5  
  123  11:53  Marine  
  123  11:54  Marine x4  
  139  12:05  Marine  
  140  12:13  Marine  
  140  12:14  Marine x2, Hellion  
  137  12:17  Factory Tech Lab x2  
  137  12:22  Marine x4  
  105  12:23  Marine x2  
  105  12:24  Marine  
  106  12:30  Supply Depot  
  106  12:31  Supply Depot  
  106  12:34  Orbital Command  
  106  12:39  Refinery  
  106  12:40  Refinery  
  106  12:42  Marine x6  
  106  12:43  Marine  
  113  12:46  Cyclone  
  117  12:51  Refinery  
  117  12:53  Refinery, Supply Depot  
  117  12:54  Marine x3  
  117  12:55  Supply Depot  
  117  12:56  Cyclone  
  124  13:03  Hellion x2  
  128  13:06  Marine x5  
  133  13:12  Orbital Command  
  133  13:17  Marine, Supply Depot  
  133  13:18  Marine x2, Supply Depot  
  133  13:19  Cyclone  
  140  13:21  Marine  
  140  13:22  Marine x4  
  140  13:24  Hellion  
  147  13:28  Supply Depot  
  147  13:30  Supply Depot  
  147  13:33  Marine x3  
  154  13:35  Hellion  
  154  13:39  Marine x4  
Tags
 
Add a new tag
Caveats
  • Supply blocks, unpowered buildings, or Contaminate may cause inaccurate times.
  • Supply counts are checked every 10 seconds.